 Dungeon Crawl Stone Soup version 0.32-a0-814-g0968bab981 (webtiles) character file.

Game seed: 6603004029490197328

1491 smashvw the Fighter (level 8, -2/56 HPs)
             Began as a Gargoyle Monk on Mar 23, 2024.
             Slain by a sixfirhy (3 damage)
             ... on level 2 of the Abyss.
             The game lasted 00:10:20 (4248 turns).

smashvw the Fighter (Gargoyle Monk)                 Turns: 4248, Time: 00:10:21

Health: -2/56      AC: 15    Str: 16    XL:     8   Next: 80%
Magic:  8/8        EV: 10    Int: 12    God:
Gold:   161        SH:  0    Dex: 12    Spells: 7/7 levels left

rFire   . . .        w - +0 war axe
rCold   . . .        d - orb {light}
rNeg    + . .        q - +0 ring mail
rPois   ∞            (no helmet)
rElec   +            (no cloak)
rCorr   .            u - +0 pair of gloves
SInv    .            (no boots)
Will    +....        G - amulet of regeneration
Stlth   +            l - +4 ring of protection
HPRegen 1.09/turn    n - ring of willpower
MPRegen 0.11/turn

%: no passive effects
@: glowing
A: sickness immunity, AC +5, negative energy resistance 1, electricity
resistance, torment resistance 1, petrification resistance
a: no special abilities


You were on level 2 of the Abyss.
You visited 1 branch of the dungeon, and saw 5 of its levels.
You visited the Abyss 1 time.
You also visited: Sewer.

You collected 161 gold pieces.

Inventory:

Hand Weapons
 w - a +0 war axe (weapon)
Missiles
 x - 27 poisoned darts (quivered)
 y - 3 curare-tipped darts
Armour
 d - an orb of light (worn)
 q - a +0 ring mail (worn)
 u - a +0 pair of gloves (worn)
Jewellery
 l - a +4 ring of protection (left hand)
 m - a ring of protection from cold
 n - a ring of willpower (right hand)
 G - an amulet of regeneration (around neck)
 H - a ring of protection from fire
Scrolls
 b - a scroll of silence {unknown}
 e - a scroll of fog {unknown}
 f - 3 scrolls of enchant weapon {unknown}
 r - a scroll of noise {unknown}
 s - a scroll of fear {unknown}
 t - a scroll of poison {unknown}
 C - a scroll of brand weapon {unknown}
 D - 2 scrolls of teleportation {unknown}
 F - 2 scrolls of identify {unknown}
 I - a scroll of immolation {unknown}
Potions
 a - a potion of curing {unknown}
 c - 3 potions of ambrosia
 g - a potion of enlightenment {unknown}
 h - a potion of cancellation {unknown}
 i - a potion of mutation {unknown}
 j - 2 potions of brilliance {unknown}
 k - a potion of heal wounds {unknown}
 p - 2 potions of magic {unknown}
 v - a potion of degeneration {unknown}
 z - a potion of might {unknown}
 A - 2 potions of haste {unknown}
 B - 2 potions of invisibility {unknown}
 E - a potion of resistance {unknown}


   Skills:
 + Level 8.9 Fighting
 + Level 7.4 Axes
 - Level 2.4 Dodging


You had 7 spell levels left.
You didn't know any spells.
Your spell library contained the following spells:

 Spells                   Type           Power      Damage    Failure   Level
 Freeze                   Ice            0%         1d3       54%         1
 Frozen Ramparts          Ice            0%         1d1       88%         3
 Hailstorm                Conj/Ice       0%         3d5       88%         3
 Conjure Ball Lightning   Conj/Air       0%         3x3d6     100%        6
 Discord                  Hex            0%         N/A       100%        8
 Disjunction              Tloc           0%         N/A       100%        8
 Chain Lightning          Conj/Air       0%         N/A       100%        9
 Fire Storm               Conj/Fire      0%         5d1       100%        9
 Shatter                  Erth           0%         3d5*      100%        9


Dungeon Overview and Level Annotations

Branches:
Dungeon (5/15)              Sewer (visited)
 Temple: D:4-7

Altars:
Cheibriados
Fedhas
Hepliaklqana
Nemelex Xobeh

Shops:
D:1 :


Innate Abilities, Weirdness & Mutations

You are immune to sickness and miasma.
Your stone body is resilient. (AC +5)
You are immune to poison.
You resist negative energy. (rN+)
You are resistant to electric shocks. (rElec)
You are resistant to unholy torment.
You are immune to petrification.


Message History

You kill the iguana!
You hit the gnoll but do no damage.
The gnoll hits you but does no damage. x2
The gnoll sergeant hits you with a +7 spear of distortion.
Space warps horribly around you!
* * * LOW HITPOINT WARNING * * *
You slash the gnoll sergeant!
The gnoll sergeant is almost dead.
You hit the gnoll.
The gnoll hits you but does no damage. x2
The gnoll sergeant hits you but does no damage.
You are cast into the Abyss!
This branch contains the abyssal rune of Zot.
Found a corrupted altar of Lugonu.
Found a gateway leading deeper into the Abyss.
The large abomination attacks as it pursues you!
The large abomination hits you!!
* * * LOW HITPOINT WARNING * * *
There is a gateway leading deeper into the Abyss here.
Okay, then.
Blink to where?
Press: ? - help, Dir - move target
As you read the scroll of blinking, it crumbles to dust.
A sixfirhy comes into view.
Found a gateway leading deeper into the Abyss.
The sixfirhy hits you but does no damage.
A large abomination comes into view.
The sixfirhy attacks as it pursues you! The sixfirhy hits you.
The sixfirhy shocks you. You resist.
* * * LOW HITPOINT WARNING * * *
The sixfirhy hits you.
* * * LOW HITPOINT WARNING * * *
The sixfirhy shocks you. You resist.
* * * LOW HITPOINT WARNING * * *
The sixfirhy hits you.
* * * LOW HITPOINT WARNING * * *
The sixfirhy shocks you. You resist.
* * * LOW HITPOINT WARNING * * *
The sixfirhy hits you.
* * * LOW HITPOINT WARNING * * *
The sixfirhy shocks you. You resist.
You die...

.X ###..#
.# .>..#
.#.#...
#.#...#
#.#...#
#....#
.####....##
#....#.@#.#
#....3#.
#.#...#.#
.. ###..# .
#.#...#
#...#..#
.#.# ....
##....
X.... # ..#
.####


You could see a large abomination and a sixfirhy.

Vanquished Creatures
  An ogre (D:5)
  A phantom (D:4)
  9 kobold brigands (Sewer)
  A brain worm (Sewer)
  A gnoll sergeant (D:4)
  A scorpion (D:4)
  An orc priest (D:3)
  3 hounds
  A sleepcap (D:5)
  3 iguanas
  7 gnolls
  7 adders
  3 river rats
  2 shadow imps (D:4)
  2 ufetubi (D:4)
  4 ribbon worms
  2 dart slugs
  6 orcs
  6 endoplasms
  6 giant cockroaches
  4 goblins
  6 hobgoblins
  10 jackals
  5 quokkas
  10 ball pythons
  7 bats
  8 frilled lizards
  10 kobolds
  8 rats
135 creatures vanquished.

Notes
Turn   | Place    | Note
-------+----------+-------------------------------------------
     0 | D:1      | smashvw the Gargoyle Monk began the quest for the Orb.
     0 | D:1      | Reached XP level 1. HP: 14/14 MP: 1/1
     2 | D:1      | Noticed a formicid
     4 | D:1      | Noticed a tengu
     4 | D:1      | Noticed a vampire
     6 | D:1      | Noticed a minotaur
     6 | D:1      | Noticed a troll
     8 | D:1      | Noticed an armataur
     8 | D:1      | Noticed a ghoul
    10 | D:1      | Noticed a vine stalker
    10 | D:1      | Noticed a demigod
    12 | D:1      | Noticed a felid
    15 | D:1      | Noticed a naga
    17 | D:1      | Noticed a draconian
    19 | D:1      | Noticed a dwarf
    19 | D:1      | Noticed an oni
    21 | D:1      | Noticed a demonspawn
    21 | D:1      | Noticed a human
    23 | D:1      | Noticed an octopode
    23 | D:1      | Noticed an elf
    25 | D:1      | Noticed a spriggan
    25 | D:1      | Noticed a merfolk
    27 | D:1      | Noticed a gargoyle
    27 | D:1      | Noticed a djinni
    29 | D:1      | Noticed a barachi
   134 | D:1      | Reached XP level 2. HP: 19/19 MP: 2/2
   347 | D:1      | You fall into a shaft and drop 1 floor!
   480 | D:1      | Found Oroumeari's Book Shop.
   639 | D:2      | Reached XP level 3. HP: 24/24 MP: 3/3
   661 | D:2      | Reached skill level 4 in Fighting
   883 | D:2      | Reached XP level 4. HP: 29/30 MP: 4/4
  1027 | D:2      | Found a snail-covered altar of Cheibriados.
  1325 | D:3      | Reached XP level 5. HP: 34/34 MP: 5/5
  1505 | D:3      | Found a glowing drain.
  1509 | Sewer    | Entered a sewer
  1528 | Sewer    | Noticed a kobold brigand
  1531 | Sewer    | Reached skill level 5 in Fighting
  1542 | Sewer    | Killed a kobold brigand
  1727 | Sewer    | Noticed a kobold brigand
  1748 | Sewer    | Killed a kobold brigand
  1749 | Sewer    | Reached XP level 6. HP: 24/41 MP: 6/6
  1917 | Sewer    | Reached skill level 6 in Fighting
  1917 | Sewer    | Reached skill level 5 in Axes
  1922 | Sewer    | Reached XP level 7. HP: 17/47 MP: 7/7
  2313 | Sewer    | Reached skill level 7 in Fighting
  2435 | Sewer    | Reached XP level 8. HP: 44/53 MP: 8/8
  3146 | D:3      | Found a faded altar of an unknown god.
  3246 | D:4      | Found a hazy altar of Hepliaklqana.
  3339 | D:4      | Found a blossoming altar of Fedhas.
  3386 | D:4      | Reached skill level 8 in Fighting
  3802 | D:4      | Found a sparkling altar of Nemelex Xobeh.
  3974 | D:5      | Entered Level 5 of the Dungeon
  4220 | Abyss:2  | Found a corrupted altar of Lugonu.
  4220 | Abyss:2  | Cast into level 2 of the Abyss (gnoll sergeant)
  4225 | Abyss:2  | Noticed a large abomination
  4243 | Abyss:2  | Noticed a sixfirhy
  4248 | Abyss:2  | Noticed a large abomination
  4248 | Abyss:2  | HP: 1/56 [sixfirhy (2)]
  4248 | Abyss:2  | Slain by a sixfirhy

Illustrated notes

Levels and vault maps discovered:
D:1:      kb_arrival_jail, layout_rooms, serial_shops, shop, minmay_ruptured
D:2:      minmay_angry_zag, layout_basic, basic_altar,
          nicolae_figureground_pulse
D:3:      layout_basic, chequers_ecumenical_altar_simple_redux,
          gup_sewer_entry_bowl
D:4:      layout_basic, nemelex_diamond_rough_becter, overflow_temple_1_default,
          nicolae_hepliaklqana_hazy_memory
D:5:      layout_layer_cave, minmay_temple_entry_nine_rooms,
          nicolae_grassy_gnolls
Abyss:2:  base:
Temple

Skill      XL: |  1  2  3  4  5  6  7  8 |
---------------+-------------------------+-----
Axes           | 3 4 5 6 7 |  7.4
Fighting       | 4 5 6 7 8 |  8.9
Dodging        | |  2.4

Action                     |  1- 3 |  4- 6 |  7- 9 || total
---------------------------+-------+-------+-------++-------
  Melee: Hand axe          |    81 |    35 |       ||   116
         War axe           |       |   106 |   202 ||   308
  Throw: Dart              |       |       |     6 ||     6
    Use: Scroll            |       |     1 |     3 ||     4
 Armour: Robe              |    30 |       |       ||    30
         Ring mail         |    26 |   139 |   236 ||   401
  Dodge: Dodged            |    48 |    80 |   169 ||   297

Table legend: (Time is in decaauts)
 A = Elapsed time spent in this place.
 B = Non-inter-level travel time spent in this place.
 C = Inter-level travel time spent in this place.
 D = Time resting spent in this place.
 E = Time spent auto-exploring this place.
 F = Levels seen in this place.
 G = Mean time per level.
                   A        B        C        D        E       F      G
               +--------+--------+--------+--------+--------+-----+--------+
         Total |   4493 |   4328 |    165 |     66 |   3163 |   7 |  641.9 |
       Dungeon |   3274 |   3109 |    165 |     66 |   2300 |   5 |  654.8 |
         Abyss |     27 |     27 |      0 |      0 |      0 |   1 |   27.0 |
         Sewer |   1191 |   1191 |      0 |      0 |    862 |   1 | 1191.0 |
               +--------+--------+--------+--------+--------+-----+--------+

Top non-repeatable levels by time:
   Sewer: 1191 daAuts
     D:3: 994 daAuts
     D:4: 865 daAuts
     D:2: 649 daAuts
     D:1: 611 daAuts
     D:5: 153 daAuts
 Abyss:2: 27 daAuts
